 Dungeon Crawl Stone Soup version 0.26.1-11-gd32895ea62 (webtiles) character file.

Game seed: 13496674297295132273

8 Descartes the Skirmisher (level 2, 0/15 HPs)
             Began as a Felid Wanderer on June 22, 2021.
             Slain by a goblin
             ... wielding a +0 club
              (4 damage)
             ... on level 2 of the Dungeon.
             The game lasted 00:00:56 (749 turns).

Descartes the Skirmisher (Felid Wanderer)            Turns: 749, Time: 00:00:56

Health: 0/15       AC:  1    Str:  9    XL:     2   Next: 0%
Magic:  3/3        EV: 17    Int: 12    God:
Gold:   53         SH:  0    Dex: 15    Spells: 1/1 levels left
                                        Lives:  0   Deaths: 0

rFire    . . .     SeeInvis +     - Unarmed
rCold    . . .     Faith    .   (shield unavailable)
rNeg     . . .     Spirit   .   (armour unavailable)
rPois    .         Reflect  .   (helmet unavailable)
rElec    .         Harm     .   (cloak unavailable)
rCorr    .         Rampage  .   (gloves unavailable)
Will     .....                  (boots unavailable)
Stlth    ++........             (no amulet)
HPRegen  0.05/turn              (no ring)
MPRegen  0.08/turn              (no ring)

@: quick
A: very small, no armour, no weapons or thrown items, stealth, claws 1, fangs 3,
see invisible, speed 1, shaggy fur 1, sharp paws
a: no special abilities


You were on level 2 of the Dungeon.
You visited 1 branch of the dungeon, and saw 2 of its levels.

You collected 53 gold pieces.

Inventory:

Jewellery
 f - an uncursed amulet of reflection {unknown}
Scrolls
 c - a scroll of teleportation
 e - a scroll of amnesia {unknown}
 i - a scroll of fear {unknown}
Potions
 a - a potion of berserk rage
 b - a potion of haste
 d - a potion of lignification
 g - a potion of brilliance {unknown}
 h - a potion of might {unknown}


   Skills:
 - Level 4.0 Fighting
 + Level 1.9 Dodging
 + Level 2.1 Stealth
 + Level 3.2 Unarmed Combat
 - Level 1.1 Evocations


You had one spell level left.
You didn't know any spells.
Your spell library was empty.

Dungeon Overview and Level Annotations

Branches:
Dungeon (2/15)

Altars:


Innate Abilities, Weirdness & Mutations

You cannot wear armour.
You are incapable of wielding weapons or throwing items.
Your paws allow you to move quietly. (Stealth)
You have sharp claws.
You have razor-sharp teeth.
You have supernaturally acute eyesight. (SInv)
You cover ground quickly.
You are covered in fur. (AC +1)
Your sharp claws are effective at attacking unaware monsters.


Message History

The goblin closely misses you.
You barely miss the goblin.
The goblin is heavily wounded.
The goblin completely misses you.
You closely miss the goblin.
The goblin is heavily wounded.
The goblin hits you with a +0 club.
* * * LOW HITPOINT WARNING * * *
You scratch the goblin.
The goblin is heavily wounded.
You barely miss the goblin.
The goblin is heavily wounded.
The goblin closely misses you.
You closely miss the goblin.
The goblin is heavily wounded.
The goblin closely misses you.
You scratch the goblin but do no damage.
The goblin is heavily wounded.
The goblin hits you with a +0 club.
You die...

.# ###.### #.....#
.. #.....# ..#
#.....# #.# #.....#
#.# #.K...# #.# #g#
#.# ##@# #.###(.#
#.....##
#####..####
##..<...#
#..####.###########
#.## #...........#
##.# #...[.......#
#..# #)..........#


You could see a goblin and a kobold.

Vanquished Creatures
  A dart slug (D:2)
  A giant cockroach (D:1)
  A goblin (D:1)
  A kobold (D:2)
  2 frilled lizards (D:1)
6 creatures vanquished.

Notes
Turn   | Place    | Note
-------+----------+-------------------------------------------
     0 | D:1      | Descartes the Felid Wanderer began the quest for the Orb.
     0 | D:1      | Descartes set off with the following items: a potion of
                  | berserk rage, a potion of haste, a scroll of teleportation,
                  | a potion of lignification
     0 | D:1      | Reached XP level 1. HP: 11/11 MP: 2/2
   696 | D:2      | Reached XP level 2. HP: 14/15 MP: 3/3
   749 | D:2      | Slain by a goblin

Illustrated notes

Levels and vault maps discovered:
D:1:      denvon_arrival_planthouse, layout_basic
D:2:      layout_rooms, nicolae_ru_sacrificial_ziggurat,
          lemuel_zombie_altar_kikubaaqudgha, serial_glass, glass_columns_c,
          glass_columns_a

Skill      XL: |  1 |
---------------+----+-----
Stealth        | 2 |  2.1
Fighting       | |  4.0
Dodging        | |  1.9
Unarmed Combat | |  3.2
Evocations     | |  1.1

Action                   || total
-------------------------++-------
Melee: Unarmed           ||    29
       Punch             ||     2
       Bite              ||     1
 Stab: Sleeping          ||     1
Dodge: Dodged            ||    19
